 Dungeon Crawl Stone Soup version 0.20-a0-689-g860b9ab (webtiles) character file.

2747 Laan the Destroyer (level 9, -3/45 HPs)
             Began as a Deep Elf Fire Elementalist on Feb 19, 2017.
             Slain by a centaur (6 damage)
             ... on level 7 of the Dungeon.
             The game lasted 00:20:18 (7967 turns).

Laan the Destroyer (Deep Elf Fire Elementalist)     Turns: 7967, Time: 00:20:19

Health: -3/45      AC:  3    Str:  5    XL:     9   Next: 41%
Magic:  24/24      EV: 13    Int: 24    God:
Gold:   155        SH:  7    Dex: 15    Spells: 18/26 levels left

rFire    . . .     SeeInvis .   D - +4 hand axe (chop)
rCold    . . .     Gourm    .   a - +0 robe
rNeg     . . .     Faith    .   E - +2 buckler
rPois    +         Spirit   .   (no helmet)
rElec    .         Reflect  .   (no cloak)
rCorr    +         Harm     .   i - +0 pair of gloves
MR       .....                  (no boots)
Stlth    ++........             (no amulet)
Regen    0.2/turn               m - ring of poison resistance
MPRegen  0.2/turn               o - ring of resist corrosion

@: no status effects
A: no striking features
a: no special abilities


You were on level 7 of the Dungeon.
You were not hungry.

You visited 1 branch of the dungeon, and saw 7 of its levels.

You collected 327 gold pieces.
You spent 172 gold pieces at shops.

Inventory:

Hand Weapons
 u - a +0 war axe
 v - a +1 mace of crushing
 D - a +4 hand axe of chopping (weapon)
Armour
 a - a +0 robe (worn)
 i - a +0 pair of gloves (worn)
 E - a +2 buckler (worn)
Jewellery
 m - a ring of poison resistance (right hand)
 o - a ring of resist corrosion (left hand)
 H - an uncursed ring of stealth
 L - an uncursed ring of flight {unknown}
Wands
 C - a wand of digging (8/24)
Scrolls
 g - 5 scrolls of identify {unknown}
 h - a scroll of enchant weapon {unknown}
 k - 3 scrolls of magic mapping
 l - 3 scrolls of immolation {unknown}
 s - 2 scrolls of fear {unknown}
 t - a scroll of teleportation
 y - a scroll of amnesia {unknown}
 z - 2 scrolls of recharging {unknown}
 A - a scroll of noise {unknown}
 B - a scroll of blinking {unknown}
 F - a scroll of remove curse
 J - 2 scrolls of enchant armour {unknown}
Potions
 d - 2 potions of brilliance {unknown}
 e - 5 potions of haste {unknown}
 f - 2 potions of curing {unknown}
 n - 3 potions of flight {unknown}
 p - a potion of heal wounds {unknown}
 r - 2 potions of cancellation {unknown}
 I - a potion of degeneration {unknown}
 K - 2 potions of invisibility {unknown}
Books
 b - a book of Flames

   Spells                             Type                      Level
   a - Flame Tongue                   Conjuration/Fire             1
   b - Throw Flame                    Conjuration/Fire             2
   c - Conjure Flame                  Conjuration/Fire             3
   d - Inner Flame                    Hexes/Fire                   3
   e - Sticky Flame                   Conjuration/Fire             4
   f - Fireball                       Conjuration/Fire             5
 q - a book of Transfigurations

   Spells                             Type                      Level
   a - Irradiate                      Conjuration/Transmutation    5
   b - Statue Form                    Transmutation/Earth          6
   c - Hydra Form                     Transmutation                6
   d - Dragon Form                    Transmutation                7
Comestibles
 c - 7 bread rations
 j - 4 royal jellies
 w - 3 meat rations
 x - 7 fruits
 G - 3 chunks of flesh


   Skills:
 - Level 2.4 Dodging
 - Level 2.4 Stealth
 * Level 3.9 Shields
 + Level 9.4 Spellcasting
 * Level 10.6 Conjurations
 - Level 3.2 Fire Magic


You had 18 spell levels left.
You knew the following spells:

 Your Spells              Type           Power        Failure   Level  Hunger
a - Flame Tongue          Conj/Fire      #####        1%          1    None
b - Conjure Flame         Conj/Fire      #####...     1%          3    None
c - Sticky Flame          Conj/Fire      #####...     3%          4    ##.....


Dungeon Overview and Level Annotations

Branches:
Dungeon (7/15)
 Temple: D:4-7

Altars:
Xom

Shops:
D:6 [


Message History

You see here a giant club. x2
Eating one of 4 chunks of flesh.
You eat one of the 4 chunks of flesh.
This raw flesh tastes terrible.
A centaur comes into view.
The centaur shouts!
The centaur wields a shortbow.
The centaur shoots an arrow.
The arrow hits you!
You see here an arrow.
The centaur shoots an arrow.
The arrow hits you!
You see here an arrow.
The centaur shoots an arrow.
You block the arrow.
You see here an arrow.
The centaur shoots an arrow.
The arrow hits you!
* * * LOW HITPOINT WARNING * * *
You see here an arrow.
You start resting.
The centaur shoots an arrow.
The arrow hits you!
* * * LOW HITPOINT WARNING * * *
The centaur unwields an uncursed shortbow.
The centaur hits you.
You die...

.........?.....
............#
.........(..#
............##..........
........(.####..........
.......)..#
#............
......##.##
#............ ......
#c#####............
###..
#.@...#............ #.
#####.#............ #.
#.....#............
#.....#............
#.....#............
#......#########'#.
#......# #####.#.
#......# #...#.#.
#......# #.#.#.#.


You could see a centaur.

Vanquished Creatures
  The ghost of Poody the Cleaver, a novice MiFi (D:6)
  4 ice beasts
  Duvessa (D:5)
  An orc warrior (D:6)
  A sky beast (D:6)
  An ogre (D:7)
  A centaur (D:6)
  Blork the orc (D:5)
  Dowan (D:5)
  2 scorpions
  A water moccasin skeleton (D:6)
  3 howler monkeys
  A crimson imp (D:7)
  A bullfrog zombie (D:6)
  5 hounds
  6 orc priests
  5 orc wizards
  A centaur skeleton (D:6)
  An iguana (D:4)
  Natasha (D:2)
  3 worker ants
  A killer bee zombie (D:5)
  Robin (D:2)
  7 gnolls
  10 adders
  A shadow imp (D:7)
  5 oozes
  2 adder skeletons (D:4)
  2 worms
  2 dart slugs (D:2)
  5 leopard geckos
  29 orcs
  5 ball pythons
  11 bats
  5 giant cockroaches
  25 goblins
  21 hobgoblins
  6 jackals
  4 quokkas
  4 frilled lizards
  15 kobolds
  A leopard gecko skeleton (D:4)
  A leopard gecko zombie (D:6)
  5 rats
210 creatures vanquished.

Notes
Turn   | Place    | Note
-------+----------+-------------------------------------------
     0 | D:1      | Laan the Deep Elf Fire Elementalist began the quest for the Orb.
     0 | D:1      | Reached XP level 1. HP: 10/10 MP: 6/6
   229 | D:1      | Reached XP level 2. HP: 13/15 MP: 0/8
   386 | D:1      | Reached skill level 2 in Conjurations
   698 | D:1      | Reached XP level 3. HP: 17/19 MP: 7/10
  1001 | D:2      | Reached skill level 3 in Conjurations
  1204 | D:2      | Reached XP level 4. HP: 24/24 MP: 6/12
  1209 | D:2      | Learned a level 3 spell: Conjure Flame
  1214 | D:2      | Learned a level 4 spell: Sticky Flame
  1571 | D:2      | Noticed Natasha
  2007 | D:2      | Killed Natasha
  2007 | D:2      | Reached skill level 4 in Conjurations
  2174 | D:2      | Noticed Robin
  2190 | D:2      | Killed Robin
  2190 | D:2      | Reached XP level 5. HP: 27/28 MP: 8/14
  2444 | D:3      | Reached skill level 5 in Spellcasting
  2829 | D:3      | Reached skill level 5 in Conjurations
  3089 | D:4      | Reached XP level 6. HP: 31/32 MP: 3/16
  4004 | D:5      | Entered Level 5 of the Dungeon
  4054 | D:5      | Reached skill level 6 in Conjurations
  4325 | D:5      | Noticed Dowan
  4331 | D:5      | Noticed Duvessa
  4344 | D:5      | Killed Duvessa
  4344 | D:5      | Reached XP level 7. HP: 20/36 MP: 9/18
  4350 | D:5      | Killed Dowan
  4649 | D:5      | Reached skill level 7 in Conjurations
  4859 | D:5      | Noticed Blork the orc
  4864 | D:5      | Killed Blork the orc
  5365 | D:5      | Reached skill level 8 in Conjurations
  5547 | D:5      | Reached XP level 8. HP: 40/41 MP: 5/21
  5784 | D:6      | Found Laofra's Antique Armour Shoppe.
  5810 | D:6      | Bought a glowing buckler for 172 gold pieces
  5866 | D:6      | Reached skill level 9 in Conjurations
  6192 | D:6      | Reached skill level 1 in Shields
  6717 | D:6      | Noticed Poody's ghost (novice MiFi)
  6962 | D:6      | Killed Poody's ghost
  6962 | D:6      | Reached skill level 10 in Conjurations
  6962 | D:6      | Reached XP level 9. HP: 45/45 MP: 0/24
  7950 | D:7      | Found a shimmering altar of Xom.
  7966 | D:7      | HP: 2/45 [centaur/arrow (9)]
  7967 | D:7      | Slain by a centaur

Vault maps used:
D:1:      denvon_arrival_waterhouse
D:2:      first_bread, minmay_stone_trees_medium, uniq_natasha, uniq_robin
D:5:      serial_glass, glass_columns_a, glass_columns_a, glass_columns_c,
          uniq_duvessa, uniq_blork_the_orc
D:6:      corexii_shantytown, serial_shops, shop_fountains,
          hangedman_decor_opposing
D:7:      minmay_temple_entry_trees, basic_altar, serial_shops,
          nicolae_shop_competitors_out_of_business, uniq_menkaure

Skill      XL: |  1  2  3  4  5  6  7  8 |
---------------+-------------------------+-----
Conjurations   | 2 3 4 5 6 8 10 | 10.6
Spellcasting   | 4 5 6 7 9 |  9.4
Shields        | 3 |  3.9
Dodging        | |  2.4
Stealth        | |  2.4
Fire Magic     | |  3.2

Action                   |  1- 3 |  4- 6 |  7- 9 || total
-------------------------+-------+-------+-------++-------
Melee: Hand axe          |     1 |       |    58 ||    59
 Cast: Flame Tongue      |    71 |   168 |   233 ||   472
       Sticky Flame      |       |     3 |    14 ||    17
       Conjure Flame     |       |       |     3 ||     3
  Use: Scroll            |     3 |       |       ||     3
  Eat: Chunk             |     1 |     8 |    14 ||    23
Armor: Robe              |     6 |     4 |    15 ||    25
Dodge: Dodged            |    15 |    41 |    67 ||   123
Block: Buckler           |       |       |    25 ||    25
